3L
RICHARDSON CITY THUNDERCATS @ KINGSTON TOWNSHIP LEGION 9
08/26/2019
 
TOP OF THE 1ST
Richardson City Thundercats batting - Pitching for Kingston Township Legion 9 : RHP Greg White
Pitching: RHP Greg White
Batting: RHB Charles Jordan 0-0: Ball
1-0: Foul Ball, location: 2F
1-1: SINGLE (Groundball, 6MD)
Batting: LHB Terrence Eler 0-0: Called Strike
0-1: Called Strike
0-2: Strikes out swinging
Batting: RHB Joey Jones 0-0: Ball
1-0: Ball
2-0: Foul Ball, location: 2F
2-1: Swinging Strike
2-2: Foul Ball, location: 2F
2-2: Foul Ball, location: 2F
2-2: Strikes out swinging
Batting: LHB Andrés Ibarra 0-0: Called Strike
0-1: Swinging Strike
0-2: Ball
1-2: Ball
Charles Jordan steals 2nd base
2-2: Ground out 3-6 (Groundball, 3S)
Top of the 1st over - 0 run(s), 1 hit(s), 0 error(s), 1 left on base; Richardson City 0 - Kingston Township 0
BOTTOM OF THE 1ST
Kingston Township Legion 9 batting - Pitching for Richardson City Thundercats : RHP Cordell Wilson
Pitching: RHP Cordell Wilson
Batting: LHB Gonzalo López 0-0: Called Strike
0-1: Ball
1-1: Swinging Strike
1-2: Foul Ball, location: 2F
1-2: Ground out 4-3 (Groundball, 4)
Batting: LHB John Holbrook 0-0: Ball
1-0: Called Strike
1-1: SINGLE (Groundball, 6MD)
Batting: LHB Clay Rush 0-0: Ball
1-0: Called Strike
1-1: Ground out 3-1 (Groundball, 34)
John Holbrook to second
Batting: RHB Akihiko Oike 0-0: 2-RUN HOME RUN (Flyball, 7LD), Distance : 360 ft
Batting: RHB António Varela 0-0: Foul Ball, location: 2F
0-1: Ground out 5-3 (Groundball, 56S)
Bottom of the 1st over - 2 run(s), 2 hit(s), 0 error(s), 0 left on base; Richardson City 0 - Kingston Township 2
TOP OF THE 2ND
Richardson City Thundercats batting - Pitching for Kingston Township Legion 9 : RHP Greg White
Batting: RHB Robert O'Connor 0-0: Ball
1-0: Ground out 3-1 (Groundball, 34S)
Batting: RHB Jonathan Cook 0-0: Foul Ball, location: 2F
0-1: Ball
1-1: Called Strike
1-2: SINGLE (Line Drive, 34D)
Batting: LHB Steve Riggs 0-0: Called Strike
0-1: Ball
1-1: Ball
2-1: Ball
3-1: Fly out, F8 (Flyball, 89D)
Batting: RHB Cordell Wilson 0-0: Ball
1-0: Swinging Strike
1-1: Ball
2-1: SINGLE (Groundball, 6MD)
Jonathan Cook to second
Batting: RHB Ray Porch 0-0: Swinging Strike
0-1: Fielders Choice at 2nd, U4 (Groundball, 4M)
Top of the 2nd over - 0 run(s), 2 hit(s), 0 error(s), 2 left on base; Richardson City 0 - Kingston Township 2
BOTTOM OF THE 2ND
Kingston Township Legion 9 batting - Pitching for Richardson City Thundercats : RHP Cordell Wilson
Batting: RHB Juan López 0-0: SINGLE (Line Drive, 6D)
Batting: SHB Ricardo Rentería 0-0: Ball
1-0: Ball
2-0: Called Strike
2-1: Ball
3-1: Swinging Strike
3-2: Strikes out swinging
Batting: RHB Cecil Cole 0-0: SINGLE (Groundball, 56D)
Juan López to second
Batting: RHB Greg White 0-0: Sac Bunt - play at third, runner OUT -> throw to first, DP!
Bottom of the 2nd over - 0 run(s), 2 hit(s), 0 error(s), 0 left on base; Richardson City 0 - Kingston Township 2
TOP OF THE 3RD
Richardson City Thundercats batting - Pitching for Kingston Township Legion 9 : RHP Greg White
Batting: RHB Charles Jordan 0-0: Ball
1-0: Ball
2-0: Called Strike
2-1: SINGLE (Flyball, 89S)
Batting: LHB Terrence Eler 0-0: Foul Ball, location: 2F
0-1: Ball
1-1: Ball
2-1: Called Strike
2-2: Foul Ball, location: 2F
2-2: Foul Ball, location: 2F
2-2: Foul Ball, location: 2F
2-2: Ball
3-2: Base on Balls
Charles Jordan to second
Batting: RHB Joey Jones 0-0: Ground out 5-3 (Groundball, 5S)
Charles Jordan to third
Terrence Eler to second
Batting: LHB Andrés Ibarra 0-0: Ball
1-0: Ground out U3 (Groundball, 3S)
Batting: RHB Robert O'Connor 0-0: Swinging Strike
0-1: Ball
1-1: Foul Ball, location: 2F
1-2: Foul Ball, location: 2F
1-2: SINGLE (Line Drive, 56D)
Charles Jordan scores
Terrence Eler to third
Runner from 3rd tries for Home, SAFE, no throw or cutoff
Batting: RHB Jonathan Cook 0-0: Swinging Strike
0-1: Ball
1-1: Ground out 6-3 (Groundball, 6)
Top of the 3rd over - 2 run(s), 2 hit(s), 0 error(s), 1 left on base; Richardson City 2 - Kingston Township 2
BOTTOM OF THE 3RD
Kingston Township Legion 9 batting - Pitching for Richardson City Thundercats : RHP Cordell Wilson
Batting: LHB Gonzalo López 0-0: Foul Ball, location: 2F
0-1: Foul Ball, location: 2F
0-2: Ball
1-2: Fly out, F9 (Flyball, 9S)
Batting: LHB John Holbrook 0-0: Ball
1-0: Ball
2-0: Ground out U3 (Groundball, 3S)
Batting: LHB Clay Rush 0-0: Called Strike
0-1: Foul Ball, location: 2F
0-2: Foul Ball, location: 2F
0-2: Ground out 4-3 (Groundball, 4)
Bottom of the 3rd over - 0 run(s), 0 hit(s), 0 error(s), 0 left on base; Richardson City 2 - Kingston Township 2
TOP OF THE 4TH
Richardson City Thundercats batting - Pitching for Kingston Township Legion 9 : RHP Greg White
Batting: LHB Steve Riggs 0-0: Ball
1-0: Ball
2-0: Called Strike
2-1: Foul Ball, location: 2F
2-2: Ball
3-2: Foul Ball, location: 2F
3-2: Foul Ball, location: 2F
3-2: Foul Ball, location: 2F
3-2: Strikes out looking
Batting: RHB Cordell Wilson 0-0: Ball
1-0: Fly out, F6 (Line Drive, 6D)
Batting: RHB Ray Porch 0-0: Called Strike
0-1: Ball
1-1: Ball
2-1: Fly out, F9 (Line Drive, 89M)
Top of the 4th over - 0 run(s), 0 hit(s), 0 error(s), 0 left on base; Richardson City 2 - Kingston Township 2
BOTTOM OF THE 4TH
Kingston Township Legion 9 batting - Pitching for Richardson City Thundercats : RHP Cordell Wilson
Batting: RHB Akihiko Oike 0-0: SINGLE (Line Drive, 7S)
Batting: RHB António Varela 0-0: Ball
1-0: Foul Ball, location: 2F
1-1: Foul Ball, location: 2F
1-2: Ball
2-2: Foul Ball, location: 2F
2-2: DOUBLE (Line Drive, 9LS)
Akihiko Oike to third
Batting: RHB Juan López 0-0: Foul Ball, location: 2F
0-1: Fly out, F7 (Flyball, 78D)
Runner from 3rd tags up, SCORES, no throw
Batting: SHB Ricardo Rentería 0-0: Ball
1-0: Ball
2-0: Called Strike
2-1: DOUBLE (Line Drive, 8RXD)
António Varela scores
Pitching: RHP Del Lamb
Batting: RHB Cecil Cole 0-0: Ball
1-0: Called Strike
1-1: Foul Ball, location: 2F
1-2: Ball
2-2: Strikes out swinging
Batting: RHB Greg White 0-0: Ground out 6-3 (Groundball, 56)
Bottom of the 4th over - 2 run(s), 3 hit(s), 0 error(s), 1 left on base; Richardson City 2 - Kingston Township 4
TOP OF THE 5TH
Richardson City Thundercats batting - Pitching for Kingston Township Legion 9 : RHP Greg White
Batting: RHB Charles Jordan 0-0: Called Strike
0-1: Called Strike
0-2: Ground out 5-3 (Groundball, 5)
Batting: LHB Terrence Eler 0-0: SINGLE (Flyball, 7S)
Batting: RHB Joey Jones 0-0: Called Strike
0-1: Grounds into double play, 6-4-3 (Groundball, 6)
Top of the 5th over - 0 run(s), 1 hit(s), 0 error(s), 0 left on base; Richardson City 2 - Kingston Township 4
BOTTOM OF THE 5TH
Kingston Township Legion 9 batting - Pitching for Richardson City Thundercats : RHP Del Lamb
Batting: LHB Gonzalo López 0-0: Ground out 6-3 (Groundball, 6)
Batting: LHB John Holbrook 0-0: Ball
1-0: Ball
2-0: Foul Ball, location: 2F
2-1: Ball
3-1: Base on Balls
Batting: LHB Clay Rush 0-0: Ball
1-0: Called Strike
1-1: Ball
2-1: Foul Ball, location: 2F
2-2: Foul Ball, location: 2F
2-2: Grounds into double play, 4-6-3 (Groundball, 4)
Bottom of the 5th over - 0 run(s), 0 hit(s), 0 error(s), 0 left on base; Richardson City 2 - Kingston Township 4
TOP OF THE 6TH
Richardson City Thundercats batting - Pitching for Kingston Township Legion 9 : RHP Greg White
Batting: LHB Andrés Ibarra 0-0: Swinging Strike
0-1: Swinging Strike
0-2: Ball
1-2: Fly out, F5 (Popup, 5DF)
Batting: RHB Robert O'Connor 0-0: Ball
1-0: Foul Ball, location: 2F
1-1: Foul Ball, location: 2F
1-2: Ball
2-2: Ground out 5-3 (Groundball, 15S)
Batting: RHB Jonathan Cook 0-0: Ball
1-0: Foul Ball, location: 2F
1-1: Ball
2-1: Foul Ball, location: 2F
2-2: SINGLE (Line Drive, 8RS)
Batting: LHB Steve Riggs 0-0: Fielders Choice at 2nd, U4 (Groundball, 4M)
Top of the 6th over - 0 run(s), 1 hit(s), 0 error(s), 1 left on base; Richardson City 2 - Kingston Township 4
BOTTOM OF THE 6TH
Kingston Township Legion 9 batting - Pitching for Richardson City Thundercats : RHP Del Lamb
Batting: RHB Akihiko Oike 0-0: Called Strike
0-1: Ball
1-1: Foul Ball, location: 2F
1-2: SINGLE (Groundball, 6D)
Batting: RHB António Varela 0-0: Called Strike
0-1: SINGLE (Line Drive, 5D)
Akihiko Oike to second
Batting: RHB Juan López 0-0: Ball
1-0: Ball
2-0: Called Strike
2-1: Ball
3-1: Grounds into double play, 6-4-3 (Groundball, 6M)
Akihiko Oike to third
Batting: SHB Ricardo Rentería 0-0: Ball
1-0: Swinging Strike
1-1: Ground out U3 (Groundball, 3)
Bottom of the 6th over - 0 run(s), 2 hit(s), 0 error(s), 1 left on base; Richardson City 2 - Kingston Township 4
TOP OF THE 7TH
Richardson City Thundercats batting - Pitching for Kingston Township Legion 9 : RHP Greg White
Pinch Hitting: RHB Manuel Romo 0-0: Foul Ball, location: 2F
0-1: Ground out 4-3 (Groundball, 4S)
Batting: RHB Ray Porch 0-0: Foul Ball, location: 2F
0-1: Swinging Strike
0-2: SINGLE (Groundball, 4M)
Batting: RHB Charles Jordan 0-0: Ball
1-0: Fly out, F8 (Flyball, 8LXD)
Batting: LHB Terrence Eler 0-0: Ball
1-0: Ball
2-0: Ball
3-0: Base on Balls
Ray Porch to second
Batting: RHB Joey Jones 0-0: Called Strike
0-1: Ball
1-1: Called Strike
1-2: SINGLE (Line Drive, 4MD)
Ray Porch to third
Terrence Eler to second
Runner from 3rd tries for Home, SAFE, no throw or cutoff
Batting: LHB Andrés Ibarra 0-0: Ball
1-0: Ground out U3 (Groundball, 3L)
Top of the 7th over - 1 run(s), 2 hit(s), 0 error(s), 2 left on base; Richardson City 3 - Kingston Township 4
BOTTOM OF THE 7TH
Kingston Township Legion 9 batting - Pitching for Richardson City Thundercats : RHP Del Lamb
Pitching: RHP Yusuke Saito
Batting: RHB Cecil Cole 0-0: Called Strike
0-1: Ball
1-1: Ball
2-1: Ball
3-1: Base on Balls
Pinch Hitting: LHB Wilfrid Savary 0-0: Called Strike
0-1: Ball
1-1: Foul Ball, location: 2F
1-2: Fly out, F3 (Line Drive, 3L)
Pitching: LHP Marcelino Freschi
Batting: LHB Gonzalo López 0-0: Called Strike
0-1: Foul Ball, location: 2F
0-2: Ball
1-2: Strikes out swinging
Batting: LHB John Holbrook 0-0: Called Strike
0-1: Ball
1-1: Ball
2-1: Fly out, F9 (Flyball, 9LM)
Bottom of the 7th over - 0 run(s), 0 hit(s), 0 error(s), 1 left on base; Richardson City 3 - Kingston Township 4
TOP OF THE 8TH
Richardson City Thundercats batting - Pitching for Kingston Township Legion 9 : RHP Greg White
Pitching: RHP Jorge Beltrán
Batting: RHB Robert O'Connor 0-0: Foul Ball, location: 2F
0-1: Foul Ball, location: 2F
0-2: Ball
1-2: Ball
2-2: Ball
3-2: Base on Balls
Pitching: RHP José Salinas
Batting: RHB Jonathan Cook 0-0: Swinging Strike
0-1: 2-RUN HOME RUN (Flyball, 89XD), Distance : 446 ft
Batting: LHB Steve Riggs 0-0: Ball
1-0: Ball
2-0: Called Strike
2-1: Ball
3-1: Swinging Strike
3-2: Foul Ball, location: 2F
3-2: Strikes out swinging
Pinch Hitting: RHB Júlio Morín 0-0: Swinging Strike
0-1: Ball
1-1: Ball
2-1: Ball
3-1: Swinging Strike
3-2: Ground out 6-3 (Groundball, 6)
Batting: RHB Ray Porch 0-0: Called Strike
0-1: Swinging Strike
0-2: Strikes out swinging
Top of the 8th over - 2 run(s), 1 hit(s), 0 error(s), 0 left on base; Richardson City 5 - Kingston Township 4
BOTTOM OF THE 8TH
Kingston Township Legion 9 batting - Pitching for Richardson City Thundercats : LHP Marcelino Freschi
Pitching: LHP Augusto Jaramillo
Now at 3B: Fernando López
Batting: LHB Clay Rush 0-0: Called Strike
0-1: Ball
1-1: Ground out U3 (Groundball, 3S)
Pitching: RHP Stanley Neal
Batting: RHB Akihiko Oike 0-0: Ground out 6-3 (Groundball, 6D)
Batting: RHB António Varela 0-0: Foul Ball, location: 2F
0-1: Swinging Strike
0-2: Strikes out swinging
Bottom of the 8th over - 0 run(s), 0 hit(s), 0 error(s), 0 left on base; Richardson City 5 - Kingston Township 4
TOP OF THE 9TH
Richardson City Thundercats batting - Pitching for Kingston Township Legion 9 : RHP José Salinas
Pitching: LHP Kamal Bataille
Batting: RHB Charles Jordan 0-0: Ball
1-0: SINGLE (Line Drive, 9S)
Batting: LHB Terrence Eler 0-0: Ball
1-0: Ball
2-0: SINGLE (Flyball, 7S)
Charles Jordan to second
Batting: RHB Joey Jones 0-0: Called Strike
0-1: Ball
1-1: Foul Ball, location: 2F
1-2: Fielders Choice at 2nd, 1-6 (Groundball, 25)
Charles Jordan to third
Batting: LHB Andrés Ibarra 0-0: Ball
1-0: Ball
2-0: Ball
3-0: Called Strike
3-1: Base on Balls
Joey Jones to second
Batting: RHB Fernando López 0-0: Ball
1-0: Foul Ball, location: 2F
1-1: Ball
2-1: Foul Ball, location: 2F
2-2: Foul Ball, location: 2F
2-2: Fly out, F8 (Flyball, 8LD)
Runner from 3rd tags up, SCORES, no throw
Joey Jones to third
Batting: RHB Jonathan Cook 0-0: Foul Ball, location: 2F
0-1: Called Strike
0-2: Strikes out looking
Top of the 9th over - 1 run(s), 2 hit(s), 0 error(s), 2 left on base; Richardson City 6 - Kingston Township 4
BOTTOM OF THE 9TH
Kingston Township Legion 9 batting - Pitching for Richardson City Thundercats : RHP Stanley Neal
Pitching: RHP Dave Reed
Now in LF: Edmund Gallagher
Batting: RHB Juan López 0-0: Called Strike
0-1: Foul Ball, location: 2F
0-2: Ball
1-2: Foul Ball, location: 2F
1-2: Strikes out swinging
Batting: SHB Ricardo Rentería 0-0: Called Strike
0-1: Ball
1-1: Ground out 5-3 (Groundball, 56)
Batting: RHB Cecil Cole 0-0: Called Strike
0-1: Fly out, F8 (Flyball, 8RXD)
Bottom of the 9th over - 0 run(s), 0 hit(s), 0 error(s), 0 left on base; Richardson City 6 - Kingston Township 4
This league is powered by Out of the Park Baseball, the baseball management simulation game for PC, Mac and Linux
Saturday, July 25th, 2015 - OOTP Baseball 15.6 Build 34